AoeStats
← AxD | Cad Bane

MegaRandom

507177665Analyzed
2v2 RM · 15d ago on Sep 17, 2026· 46m 7s· 4 players
Game mode
Random Map
Map size
Medium (4 player)
Population
200
Speed
Normal
Resources
Standard
Victory
Conquest
Starting age
Dark Age
Ending age
Imperial Age
RankedLock teamsTeams togetherTeam positionsShared explorationLock speedFull tech treeHidden civsTurbo modeCheats
Victory
Defeat
🇨🇴 Jurchens · Colombia
1430
+22
🇲🇽 Wei · Mexico
1429
+22
🇨🇱 Saracens · Chile
1605
-23
🇦🇷 Shu · Argentina
1544
-21
AZG021113
11:24 Feudal Age
18:18 Loom
23:56 Castle Age
22:42 Fletching
23:12 Double-Bit Axe
24:04 Crossbowman
24:45 Bodkin Arrow
29:27 Padded Archer Armor
36:55 Scale Barding Armor
39:10 Demolition Ship
45:47 Horse Collar
46:18 Bow Saw
maxwell54
4:55 Loom
12:16 Feudal Age
13:30 Double-Bit Axe
16:41 Castle Age
17:41 Medium Warships
19:11 Fishing Lines
20:26 Bow Saw
22:57 Horse Collar
29:38 Bloodlines
29:28 Husbandry
31:56 Wheelbarrow
33:00 Heavy Plow
33:08 Scale Barding Armor
33:20 Hand Cart
33:20 Forging
32:45 Light Cavalry
33:41 Gold Mining
34:13 Chain Barding Armor
38:40 Imperial Age
37:56 Iron Casting
37:19 Town Watch
38:44 Hussar
40:20 Plate Barding Armor
40:50 Blast Furnace
AxD | Cad Bane
3:06 Loom
11:21 Feudal Age
11:53 Double-Bit Axe
16:51 Fishing Lines
17:04 Fishing Lines
19:49 Castle Age
20:46 Medium Warships
20:20 Demolition Ship
21:44 Medium Warships
24:03 Forging
27:19 Iron Casting
31:43 Stone Mining
31:41 Horse Collar
32:22 Gold Mining
36:01 Wheelbarrow
38:00 Imperial Age
37:19 Hand Cart
36:50 Town Watch
38:26 Bow Saw
38:29 Bloodlines
38:19 Husbandry
38:25 Scale Barding Armor
38:11 Light Cavalry
39:22 Conscription
39:35 Chain Barding Armor
40:16 Hussar
42:45 Plate Barding Armor
43:16 Blast Furnace
43:07 Heavy Plow
46:43 Blast Furnace
AxD | Keiokenkun-Uno-Puro
3:14 Loom
12:39 Feudal Age
23:52 Castle Age
21:44 Double-Bit Axe
35:19 Horse Collar
36:33 Bow Saw
47:48 Imperial Age
Connection lost

Rejoining the realm…

Still unreachable

The connection could not be restored.

Session expired

The server has moved on; the page needs a fresh start.